cohdb
Replays
Latest Replays
All Replays
Popular Replays
Top Player Replays
Match Explorer
How It Works
Community
CoH3 Stats
Reddit
Sign in to upload your games and track your stats! →
Sign in with Steam
Match 45503373
Unlisted
Match 45503373
Overview
Messages
Build Orders
End
Panzergrenadier Squad
Selects Italian Infantry
Selects Italian Infantry
Selects Italian Infantry
Selects Italian Infantry
Panzergrenadier Squad
Panzergrenadier Squad
Construct Light Support Kompanie
250 Light Carrier
Selects Guastatori Squad
Selects L6/40 Light Tank Combat Group
Panzerjäger Mechanized Group
L6/40 Light Tank Combat Group
Fire Support Elements
Combat Half-tracks
Guastatori Squad
Selects Towed Cannone da 105/28 Field Howitzer
Selects Sound the Alarm
Towed Cannone da 105/28 Field Howitzer
Pak 38 Anti-tank Gun Team
Selects Prepared Positions
Selects Propaganda War
~SOK-BarbaPeñaloza
Felix Steiner
Esxile
Ober
0
0
Comments
sign in to comment!
No comments posted yet!